 Dungeon Crawl Stone Soup version 0.28.0-1-gb440e238dd (webtiles) character file.

Game seed: 4628233146320652102

5606 pkoi the Destroyer (level 10, -10/78 HPs)
             Began as a Pale Draconian Conjurer on Feb 23, 2022.
             Was a Believer of Sif Muna.
             Shot with an arrow by a centaur warrior (16 damage)
             ... on level 8 of the Dungeon on Feb 24, 2022.
             The game lasted 00:16:28 (13561 turns).

pkoi the Destroyer (Pale Draconian Conjurer)       Turns: 13561, Time: 00:16:29

Health: -10/78     AC: 11    Str: 10    XL:     10   Next: 45%
Magic:  4/19       EV: 12    Int: 22    God:    Sif Muna [**....]
Gold:   333        SH:  0    Dex: 10    Spells: 9/21 levels left

rFire   . . .      SeeInvis .   e - +2 dagger (holy)
rCold   . . .      Faith    .   (no shield)
rNeg    . . .      Spirit   .   (armour unavailable)
rPois   .          Reflect  .   (helmet restricted)
rElec   .          Harm     .   (no cloak)
rCorr   .          Rampage  .   (no gloves)
Will    .....                   (no boots)
Stlth   ++........              (no amulet)
HPRegen 0.23/turn               d - +4 ring of protection
MPRegen 0.16/turn               (no ring)

@: studying Long Blades
A: breathe steam, AC +7, unfitting armour, cold-blooded, steam resistance
a: Breathe Steam, Renounce Religion, Channel Magic


You were on level 8 of the Dungeon.
You worshipped Sif Muna.
Sif Muna was pleased with you.
You visited 2 branches of the dungeon, and saw 9 of its levels.

You collected 333 gold pieces.

Inventory:

Hand Weapons
 c - a +0 short sword
 e - a +2 dagger of holy wrath (weapon)
 r - a +1 dagger of venom
Jewellery
 a - a ring of protection from cold
 d - a +4 ring of protection (left hand)
 m - an amulet of guardian spirit
Wands
 n - a wand of flame (16)
 t - a wand of paralysis (16)
Scrolls
 b - 2 scrolls of teleportation
 g - a scroll of fog
 h - 5 scrolls of identify
 p - 2 scrolls of enchant weapon
 s - a scroll of enchant armour
Potions
 f - 2 potions of attraction
 i - a potion of haste
 j - a potion of might {unknown}
 k - 4 potions of curing
 l - 2 potions of brilliance
 o - 3 potions of heal wounds
 q - a potion of invisibility


   Skills:
 + Level 3.7 Fighting
 + Level 5.1 Long Blades
 + Level 3.6 Dodging
 - Level 1.7 Stealth
 - Level 6.0 Spellcasting
 + Level 10.3 Conjurations
 + Level 8.5 Translocations
 + Level 1.3 Air Magic
 + Level 1.2 Poison Magic
 + Level 0.9 Invocations


You had 9 spell levels left.
You knew the following spells:

 Your Spells              Type           Power      Damage    Failure   Level
a - Magic Dart            Conj           100%       1d8       1%          1
b - Searing Ray           Conj           100%       2d8       1%          2
c - Blink                 Tloc           88%        N/A       1%          2
d - Iskenderun's Mystic   Conj/Tloc      48%        2d11      1%          4
e - Mephitic Cloud        Conj/Pois/Air  25%        N/A       4%          3

Your spell library contained the following spells:

 Spells                   Type           Power      Damage    Failure   Level
 Dazzling Flash           Conj/Hex       58%        N/A       3%          3
 Manifold Assault         Tloc           44%        N/A       8%          5
 Animate Skeleton         Necr           12%        N/A       9%          1
 Fulminant Prism          Conj/Hex       14%        3d9       11%         4
 Call Imp                 Summ           6%         N/A       14%         2
 Storm Form               Tmut/Air       4%         N/A       100%        7


Dungeon Overview and Level Annotations

Branches:
Dungeon (8/15)             Temple (1/1) D:6            Lair (0/6) D:8

Altars:
Ashenzari
Cheibriados
Dithmenos
Fedhas
Gozag
Hepliaklqana
Kikubaaqudgha
Nemelex Xobeh
Okawaru
Qazlal
Ru
Sif Muna
Trog
Vehumet
Wu Jian
Xom
Yredelemnul

Shops:
D:5 *


Innate Abilities, Weirdness & Mutations

You can breathe blasts of scalding, opaque steam.
Your pale cyan-grey scales are hard. (AC +7)
You cannot fit into any form of body armour.
You are cold-blooded and may be slowed by cold attacks.
You are immune to the effects of steam.


Message History

Aim: a hornet (severely wounded, confused, 84% to hit)
You exhale a blast of scalding steam.
The ball of steam hits the hornet!
The hornet is almost dead.
You feel yourself speed up.
You feel very sick.
The hornet seems less confused.
The hornet is engulfed in a cloud of scalding steam.
The hornet stings you.
* * * LOW HITPOINT WARNING * * *
You feel yourself slow down.
The hornet is engulfed in a cloud of scalding steam.
You kill the hornet!
Sif Muna accepts your kill.
(D) Dungeon (T) Temple (L) Lair
Where to? (? - help)
You feel sick.
You feel yourself speed up.
You feel sick.
You feel sick.
A centaur warrior comes into view.
You feel sick.
An orc comes into view. It is wielding a +0 whip.
You feel sick.
You are no longer poisoned.
The orc shouts!
The centaur warrior shouts!
You hear a shout!
The centaur warrior wields a +0 longbow.
The centaur warrior shoots an arrow.
The arrow hits you!!
* * * LOW HITPOINT WARNING * * *
An orc wizard and an orc come into view.
The centaur warrior shoots an arrow.
The arrow hits you!
* * * LOW HITPOINT WARNING * * *
The centaur warrior shoots an arrow.
The arrow hits you!
* * * LOW HITPOINT WARNING * * *
The orc shouts!
The centaur warrior shoots an arrow.
The arrow hits you!
* * * LOW HITPOINT WARNING * * *
The orc hits you but does no damage.
You have got your breath back.
The centaur warrior shoots an arrow.
The arrow hits you!
You die...

<...........................[....
>........(..............).)..†...
.......................c..#####)#
#.........................#.. ..
###........>......##......#.# ..
#...............##...c..#.# oh
#.....##.......o.#......#.# c.
###.................o.......## ..
............#...@#.o......#..# ..
..#....###.##...<.........#..##
........####........#.....##..###
........##.##.)).[....[...###[...
..........(..)).#...#.....#####.#
#....##........###.####...#.###.#
#.#..########......# #...#..#..#
###.## #......## ##..# #.### ###
##....## #..##..#


You could see a centaur warrior and 2 orcs.

Vanquished Creatures
  Pikel (D:6)
  2 trolls
  A hornet (D:8)
  2 wyverns (D:7)
  A steam dragon (D:6)
  Edmund (D:4)
  An acid dragon (D:8)
  2 black bears
  An orc warrior (D:8)
  A sky beast (D:6)
  A hornet zombie (D:6)
  5 ogres
  An ice beast (D:8)
  3 wolves (D:8)
  2 necrophages (D:6)
  2 centaurs (D:8)
  A lemure (D:6)
  2 phantoms (D:5)
  Blork the orc (D:4)
  4 bullfrogs
  A gnoll sergeant (D:8)
  3 scorpions
  A water moccasin zombie (D:5)
  A killer bee (D:8)
  3 electric eels
  4 howler monkeys
  A centaur zombie (D:6)
  2 bullfrog zombies (D:7)
  3 jellies
  9 hounds
  3 bullfrog skeletons
  A centaur skeleton (D:6)
  Ijyb (D:4)
  An iguana (D:5)
  Natasha (thrice) (D:2)
  10 orc wizards
  A hound skeleton (D:5)
  A howler monkey skeleton (D:6)
  6 gnolls
  10 adders
  A shadow imp (D:6)
  2 white imps
  An ufetubus (D:6)
  2 worms (D:2)
  A dart slug (D:3)
  12 orcs
  4 endoplasms
  6 giant cockroaches
  3 hobgoblins
  7 kobolds
  3 quokkas
  7 ball pythons
  7 bats
  A frilled lizard (D:2)
  8 goblins
  3 rats
168 creatures vanquished.

Notes
Turn   | Place    | Note
-------+----------+-------------------------------------------
     0 | D:1      | pkoi the Draconian Conjurer began the quest for the Orb.
     0 | D:1      | Reached XP level 1. HP: 14/14 MP: 3/3
   312 | D:1      | Reached XP level 2. HP: 20/20 MP: 3/5
  1164 | D:2      | Learned a level 2 spell: Searing Ray
  1335 | D:2      | Reached skill level 5 in Conjurations
  1335 | D:2      | Reached XP level 3. HP: 20/26 MP: 1/6
  1737 | D:2      | Noticed Natasha
  1741 | D:2      | Killed Natasha
  1742 | D:2      | Reached XP level 4. HP: 33/33 MP: 2/7
  1791 | D:2      | Learned a level 2 spell: Blink
  2092 | D:2      | Noticed Natasha
  2115 | D:2      | Killed Natasha
  2284 | D:2      | Noticed Natasha
  2290 | D:2      | Killed Natasha
  2291 | D:2      | Reached skill level 1 in Translocations
  2720 | D:2      | Reached XP level 5. HP: 31/38 MP: 3/8
  2879 | D:2      | Found a faded altar of an unknown god.
  3001 | D:3      | Found a glowing drain.
  3047 | D:3      | You fall into a shaft and drop 3 floors!
  3047 | D:6      | Noticed an ogre
  3053 | D:6      | Noticed an ogre
  3057 | D:6      | Noticed a sky beast
  3078 | D:6      | Noticed a lemure
  3078 | D:6      | Noticed a lemure
  3078 | D:6      | Noticed a lemure
  3079 | D:6      | Noticed Pikel
  3082 | D:6      | Noticed a lemure
  3115 | D:6      | Killed a lemure
  3117 | D:6      | Killed Pikel
  3118 | D:6      | Reached skill level 7 in Conjurations
  3118 | D:6      | Reached XP level 6. HP: 36/45 MP: 3/12
  3118 | D:6      | Your scales start taking on a pale cyan-grey colour.
  3118 | D:6      | Reached XP level 7. HP: 40/50 MP: 3/13
  3118 | D:6      | Gained mutation: You are immune to the effects of steam.
                  | [Pale Draconian growth]
  3139 | D:5      | Entered Level 5 of the Dungeon
  3984 | D:4      | Found an ornate altar of the Wu Jian Council.
  4010 | D:4      | Found an iron altar of Okawaru.
  4189 | D:4      | Learned a level 4 spell: Iskenderun's Mystic Blast
  4227 | D:4      | Noticed Ijyb
  4246 | D:4      | Killed Ijyb
  4326 | D:4      | Found a sparkling altar of Nemelex Xobeh.
  4606 | D:3      | Reached XP level 8. HP: 57/57 MP: 11/15
  5817 | D:4      | Noticed Blork the orc
  5829 | D:4      | Killed Blork the orc
  5906 | D:4      | Reached skill level 5 in Spellcasting
  5952 | D:4      | Reached skill level 5 in Translocations
  6256 | D:4      | Noticed Edmund
  6754 | D:4      | Found a radiant altar of Vehumet.
  6779 | D:4      | Found an ancient bone altar of Kikubaaqudgha.
  6787 | D:4      | Reached skill level 8 in Conjurations
  6920 | D:4      | Got Kikubaaqudgha's Compendium of Dark Arts
  6926 | D:4      | Found a shimmering blue altar of Sif Muna.
  6937 | D:4      | Became a worshipper of Sif Muna the Loreminder
  7105 | D:4      | Killed Edmund
  7429 | D:5      | Found a stormy altar of Qazlal.
  7445 | D:5      | Found Ulipnon's Assorted Antiques.
  8219 | D:5      | Reached XP level 9. HP: 62/62 MP: 11/17
  8528 | D:6      | Found a staircase to the Ecumenical Temple.
  8542 | Temple   | Entered the Ecumenical Temple
  8822 | D:6      | Reached skill level 9 in Conjurations
  9410 | D:6      | Noticed a troll
  9426 | D:6      | Killed a troll
 10194 | D:6      | Reached skill level 1 in Long Blades
 10284 | D:6      | Reached skill level 1 in Fighting
 10378 | D:6      | Reached * piety under Sif Muna
 10489 | D:7      | Found a sacrificial altar of Ru.
 11732 | D:8      | Reached skill level 10 in Conjurations
 11732 | D:8      | Reached XP level 10. HP: 74/74 MP: 16/19
 12984 | D:8      | Learned a level 3 spell: Mephitic Cloud
 12990 | D:8      | Found a staircase to the Lair.
 13126 | D:8      | Reached ** piety under Sif Muna
 13285 | D:8      | Noticed a two-headed ogre
 13500 | D:8      | Reached skill level 5 in Long Blades
 13500 | D:8      | Reached skill level 1 in Air Magic
 13500 | D:8      | Reached skill level 1 in Poison Magic
 13554 | D:8      | Noticed a centaur warrior
 13561 | D:8      | Shot with an arrow by a centaur warrior

Illustrated notes

Levels and vault maps discovered:
D:1:      lemuel_arrival_river_ford, layout_basic
D:2:      layout_basic, hellmonk_ecumenical_altar_leap_of_faith, uniq_natasha
D:3:      layout_loops_ring, gup_sewer_entry_glass, minmay_crystal_room,
          nicolae_figureground_pulse
D:4:      layout_basic, palyth_temple_overflow_mages, nzn_wu_jian_contemplation,
          mainiacjoe_overflow_catch_the_wave, st_stairs_7, uniq_ijyb,
          uniq_blork_the_orc, uniq_edmund
D:5:      layout_loops_ring, nicolae_qazlal_scattered_showers, serial_shops,
          shop, grunt_ministairs_5, st_stairs_7
D:6:      layout_basic, minmay_temple_entry_large_hall, minivault_14,
          minmay_manual_mail, uniq_pikel
D:7:      layout_rooms, nicolae_ru_great_annihilating_truth
D:8:      minmay_bubble_buster, layout_cave_pools, erik_lair_island,
          kennysheep_diamond, minmay_the_grid_2x2 [minmay_the_grid_pillar_ring,
          minmay_the_grid_large_cup, minmay_the_grid_all_tris,
          minmay_the_grid_prize_diamond_cup]
Temple:   compressed_dpeg_triangle_lava_temple

Skill      XL: |  1  2  3  4  5  6  7  8  9 10 |
---------------+-------------------------------+-----
Conjurations   | 5 7 8 10 | 10.3
Translocations | 1 3 4 6 8 |  8.5
Spellcasting   | 4 5 6 |  6.0
Long Blades    | 3 5 |  5.1
Dodging        | 2 3 |  3.6
Fighting       | 2 3 |  3.7
Air Magic      | 1 |  1.3
Poison Magic   | 1 |  1.2
Stealth        | |  1.7
Invocations    | |  0.9

Action                   |  1- 3 |  4- 6 |  7- 9 | 10-12 || total
-------------------------+-------+-------+-------+-------++-------
Melee: Short sword       |    20 |       |       |       ||    20
       Dagger            |     2 |    25 |    73 |    28 ||   128
       Tailslap          |     1 |     1 |    12 |     4 ||    18
       Punch             |       |     1 |     1 |       ||     2
 Cast: Magic Dart        |    55 |    22 |    93 |    68 ||   238
       Searing Ray       |       |     3 |    61 |    20 ||    84
       Blink             |       |       |     2 |       ||     2
       Mephitic Cloud    |       |       |       |     1 ||     1
 Abil: Breathe Steam     |       |       |    13 |     6 ||    19
  Use: Scroll            |       |     2 |    12 |       ||    14
       Potion            |       |       |     5 |       ||     5
 Stab: Sleeping          |       |     1 |     2 |       ||     3
Armor: Skin              |     7 |     7 |   105 |    49 ||   168
Dodge: Dodged            |     9 |    31 |   126 |    77 ||   243
